 Dungeon Crawl Stone Soup version 0.18.1-8-gdd0e5ea (webtiles) character file.

94 mindo the Magician (level 4, -3/28 HPs)
             Began as a High Elf Fire Elementalist on June 10, 2016.
             Slain by a necrophage (4 damage)
             ... on level 5 of the Dungeon.
             The game lasted 00:15:18 (2700 turns).

mindo the Magician (High Elf Fire Elementalist)     Turns: 2700, Time: 00:15:19

Health: -3/28      AC:  2    Str:  7    XL:     4   Next: 38%
Magic:  10/11      EV: 13    Int: 19    God:
Gold:   286        SH:  0    Dex: 16    Spells: 2 memorised, 8 levels left

rFire  . . .     SeeInvis .     j - +1 dagger (venom)
rCold  . . .     Gourm    .     a - +0 robe
rNeg   . . .     Faith    .     (no shield)
rPois  .         Spirit   .     (no helmet)
rElec  .         Dismiss  .     (no cloak)
rCorr  .         Reflect  .     (no gloves)
SustAt .         Harm     .     (no boots)
MR     .....                    (no amulet)
Stlth  ++........               (no ring)
                                (no ring)

@: not resistant to hostile enchantments, unstealthy
A: no striking features
a: no special abilities


You were on level 5 of the Dungeon.
You were not hungry.

You visited 1 branch of the dungeon, and saw 5 of its levels.

You collected 286 gold pieces.

Inventory:

Hand Weapons
 e - a +0 dagger
 j - a +1 dagger of venom (weapon)
Armour
 a - a +0 robe (worn)
Scrolls
 i - a scroll of fog {unknown}
 l - a scroll of enchant weapon {unknown}
 m - a scroll of identify {unknown}
 o - a scroll of remove curse
 r - a scroll of recharging {unknown}
 v - a scroll of immolation {unknown}
 x - a scroll of random uselessness {unknown}
Potions
 d - a potion of cancellation {unknown}
 f - 2 potions of degeneration {unknown}
 g - a potion of brilliance {unknown}
 h - a potion of resistance {unknown}
 k - a potion of magic {unknown}
 p - 2 potions of flight {unknown}
 q - a potion of might {unknown}
 s - a potion of lignification {unknown}
 w - a potion of haste {unknown}
Books
 b - a book of Flames

   Spells                             Type                      Level
   a - Flame Tongue                   Conjuration/Fire             1
   b - Throw Flame                    Conjuration/Fire             2
   c - Conjure Flame                  Conjuration/Fire             3
   d - Inner Flame                    Hexes/Fire                   3
   e - Sticky Flame                   Conjuration/Fire             4
   f - Fireball                       Conjuration/Fire             5
Miscellaneous
 n - a plain deck of summoning
Comestibles
 c - a bread ration
 t - a meat ration
 u - a slice of pizza


   Skills:
 + Level 1.0 Fighting
 + Level 1.2 Short Blades
 - Level 2.3 Dodging
 - Level 2.1 Stealth
 + Level 0.1 Unarmed Combat
 + Level 4.5 Spellcasting
 - Level 1.1 Conjurations
 - Level 3.2 Fire Magic


You had 8 spell levels left.
You knew the following spells:

 Your Spells              Type           Power        Failure   Level  Hunger
a - Flame Tongue          Conj/Fire      ##...        8%          1    None
b - Conjure Flame         Conj/Fire      ##......     17%         3    ###....


Dungeon Overview and Level Annotations

Branches:
Dungeon (5/15)
 Temple: D:4-7

Altars:
Nemelex Xobeh
Okawaru
Qazlal
Trog

Annotations:
D:4 raikaria's ghost, novice KoWr


Message History

Found a meat ration.
The necrophage hits you!
* * * LOW HITPOINT WARNING * * *
You see here a scroll labeled BEJUHU LIJ LUPP.
You open the door. The necrophage hits you.
* * * LOW HITPOINT WARNING * * *
Found a scroll labeled VEATULOK NOOF.
A worker ant zombie comes into view.
There is an open door here.
Found a fuming orange potion.
A hound comes into view.
You see here a scroll labeled VEATULOK NOOF.
The hound moves out of view.
The worker ant zombie barely misses you.
The worker ant zombie waves its antennae.
You see here a fuming orange potion.
The worker ant zombie bites you.
* * * LOW HITPOINT WARNING * * *
The necrophage hits you.
You die...

.h ... ...
############..
######..##.....##..
#........#........?
#.@......#.........
#!Zno...?'.?.......
#..#########..###..
#### #..###..
.....#...
>.....#...
.......#=..
..##..###..
##+####..


You could see a necrophage, an orc and a worker ant zombie.

Vanquished Creatures
  A worker ant (D:5)
  2 adders
  2 worms (D:2)
  2 giant cockroaches
  4 goblins
  4 hobgoblins
  9 jackals
  6 kobolds
  4 quokkas
  A bat (D:3)
  A giant newt (D:2)
  6 rats
42 creatures vanquished.

Notes
Turn   | Place    | Note
--------------------------------------------------------------
     0 | D:1      | mindo the High Elf Fire Elementalist began the quest for the Orb.
     0 | D:1      | Reached XP level 1. HP: 11/11 MP: 4/4
   595 | D:1      | Reached XP level 2. HP: 12/17 MP: 1/6
   813 | D:1      | Reached skill level 3 in Spellcasting
   941 | D:2      | Found a bloodstained altar of Trog.
   953 | D:2      | Found a sparkling altar of Nemelex Xobeh.
  1073 | D:2      | Reached XP level 3. HP: 21/21 MP: 0/9
  1730 | D:2      | Found an iron altar of Okawaru.
  1919 | D:2      | Reached skill level 4 in Spellcasting
  1949 | D:2      | Learned a level 3 spell: Conjure Flame
  2297 | D:3      | Reached XP level 4. HP: 27/27 MP: 9/11
  2541 | D:4      | Found a stormy altar of Qazlal.
  2639 | D:4      | Noticed raikaria's ghost (novice KoWr)
  2671 | D:5      | Entered Level 5 of the Dungeon
  2678 | D:5      | Reached skill level 1 in Fighting
  2678 | D:5      | Reached skill level 1 in Short Blades
  2684 | D:5      | Noticed a necrophage
  2700 | D:5      | HP: 1/28 [worker ant zombie (2)]
  2700 | D:5      | Slain by a necrophage

Skill      XL: |  1  2  3  4 |
---------------+-------------+-----
Spellcasting   | 3 4 |  4.5
Fighting       | 1 |  1.0
Short Blades   | 1 |  1.2
Dodging        | |  2.3
Stealth        | |  2.1
Unarmed Combat | |  0.1
Conjurations   | |  1.1
Fire Magic     | |  3.2

Action                   |  1- 3 |  4- 6 || total
-------------------------+-------+-------++-------
Melee: Unarmed           |     6 |       ||     6
       Dagger            |    26 |       ||    26
 Cast: Flame Tongue      |    57 |     8 ||    65
  Use: Scroll            |       |     1 ||     1
 Stab: Sleeping          |     1 |       ||     1
  Eat: Bread ration      |     1 |       ||     1
       Beef jerky        |     1 |       ||     1
Armor: Robe              |     8 |       ||     8
Dodge: Dodged            |    49 |     5 ||    54
